 Dungeon Crawl Stone Soup version 0.30-a0-726-gd89dcf765f (webtiles) character file.

Game seed: 7064279002633030813

175 timneilson the Covered (level 5, -10/33 HPs)
             Began as a Gargoyle Fighter on Jan 29, 2023.
             Killed by divine providence
             ... invoked by an orc priest
              (15 damage)
             ... on level 4 of the Dungeon.
             The game lasted 00:03:15 (2198 turns).

timneilson the Covered (Gargoyle Fighter)           Turns: 2198, Time: 00:03:16

Health: -10/33     AC: 13    Str: 22    XL:     5   Next: 55%
Magic:  5/5        EV:  9    Int:  8    God:
Gold:   113        SH:  4    Dex:  9    Spells: 4/4 levels left

rFire   . . .      SeeInvis .    a - +0 long sword
rCold   . . .      Faith    .    c - +0 buckler
rNeg    + . .      Spirit   .    b - +0 scale mail
rPois   ∞          Reflect  .    (no helmet)
rElec   +          Harm     .    (no cloak)
rCorr   .          Rampage  .    k - +0 pair of gloves
Will    .....                    i - +0 pair of boots Stlth
                                 (no amulet)
HPRegen 0.25/turn                (no ring)
MPRegen 0.09/turn                (no ring)

@: no status effects
A: sickness immunity, AC +4, negative energy resistance 1, electricity
resistance, torment resistance 1, petrification resistance
a: no special abilities


You were on level 4 of the Dungeon.
You visited 1 branch of the dungeon, and saw 4 of its levels.

You collected 113 gold pieces.

Inventory:

Hand Weapons
 a - a +0 long sword (weapon)
Armour
 b - a +0 scale mail (worn)
 c - a +0 buckler (worn)
 i - a +0 pair of boots (worn)
 k - a +0 pair of gloves (worn)
Scrolls
 e - a scroll of immolation
 n - 2 scrolls of teleportation
Potions
 d - 2 potions of might
 f - 2 potions of heal wounds
 g - a potion of ambrosia {unknown}
 h - 2 potions of cancellation
 j - 2 potions of flight
 l - a potion of haste {unknown}
 m - a potion of degeneration {unknown}


   Skills:
 + Level 3.7 Fighting
 * Level 2.9 Long Blades
 * Level 4.5 Armour
 + Level 1.1 Dodging
 * Level 4.3 Shields


You had 4 spell levels left.
You didn't know any spells.
Your spell library contained the following spells:

 Spells                   Type           Power      Damage    Failure   Level
 Sting                    Tmut/Pois      0%         1d3       82%         1
 Poisonous Vapours        Pois/Air       0%         N/A       91%         2
 Olgreb's Toxic Radiance  Pois           0%         N/A       100%        4


Dungeon Overview and Level Annotations

Branches:
Dungeon (4/15)
 Temple: D:4-7

Altars:

Shops:
D:2 (


Innate Abilities, Weirdness & Mutations

You are immune to sickness and miasma.
Your stone body is resilient. (AC +4)
You are immune to poison.
You resist negative energy. (rN+)
You are resistant to electric shocks. (rElec)
You are resistant to unholy torment.
You are immune to petrification.


Message History

* * * LOW HITPOINT WARNING * * *
You miss something. Something hits you but does no damage.
You closely miss something. Something hits you but does no damage.
You miss something. Something hits you but does no damage.
You slash something! Something hits you but does no damage.
You feel much better. You block something's attack.
You closely miss something.
Something hits you but does no damage. x2
You closely miss something. Something hits you but does no damage.
You hit something.
Reactivating autopickup.
You feel a bit more experienced.
You hit the endoplasm.
The endoplasm is lightly wounded.
The endoplasm freezes you.
You are frozen.
The endoplasm barely misses you.
You hit the endoplasm but do no damage.
The endoplasm is lightly wounded.
The endoplasm closely misses you.
You hit the endoplasm.
The endoplasm is heavily wounded.
The orc priest invokes the aid of Beogh against you.
Beogh smites you!
* * * LOW HITPOINT WARNING * * *
The endoplasm hits you but does no damage.
You hit the endoplasm.
The endoplasm is almost dead.
The orc priest begins to cast a cantrip, but forgets the words!
The endoplasm freezes you.
You are frozen.
* * * LOW HITPOINT WARNING * * *
You barely miss the endoplasm.
The endoplasm is almost dead.
The endoplasm hits you but does no damage.
The endoplasm barely misses you.
The orc priest begins to cast a cantrip, but forgets the words!
You hit the endoplasm.
You kill the endoplasm!
The orc priest calls down the wrath of Beogh upon you.
Beogh smites you!
You die...

#######
#.....#
#.###.# . #.#
#<# ...
#.######.....
#.#.o.oo..#
#.#@###......
#####.#.#
.....
#.....#.#
....
#.#####.# ###
#.# #.# #.#
#.# #.# #.#
#.# #.#
#.#####.#


You could see an orc priest and 2 orcs.

Vanquished Creatures
  2 orc wizards
  3 gnolls (D:2)
  4 adders
  2 dart slugs
  4 orcs
  4 bats
  4 endoplasms
  2 giant cockroaches (D:3)
  4 goblins
  4 hobgoblins
  4 jackals (D:1)
  2 quokkas
  4 ball pythons (D:3)
  4 frilled lizards
  5 kobolds
  A rat (D:1)
53 creatures vanquished.

Vanquished Creatures (others)
  A plant (D:3)
1 creature vanquished.

Grand Total: 54 creatures vanquished

Notes
Turn   | Place    | Note
-------+----------+-------------------------------------------
     0 | D:1      | timneilson the Gargoyle Fighter began the quest for the
                  | Orb.
     0 | D:1      | Reached XP level 1. HP: 14/14 MP: 1/1
   150 | D:1      | Reached XP level 2. HP: 11/19 MP: 2/2
   820 | D:2      | Reached XP level 3. HP: 23/23 MP: 3/3
   920 | D:2      | Reached XP level 4. HP: 17/28 MP: 4/4
   994 | D:2      | Found Jyrphuap's Antique Weapon Shop.
  1464 | D:3      | Found a faded altar of an unknown god.
  1473 | D:3      | Reached skill level 1 in Dodging
  1473 | D:3      | Reached XP level 5. HP: 16/32 MP: 5/5
  2032 | D:4      | Noticed a black bear
  2198 | D:4      | Killed from afar by an orc priest

Illustrated notes

Levels and vault maps discovered:
D:1:      wheals_arrival_linesprint, layout_basic, columned_hall_lemuel
D:2:      layout_basic, serial_shops, nicolae_shop_trees
D:3:      layout_rooms, hellmonk_ecumenical_altar_run_dry, corexii_shack,
          nicolae_elevator_lobby_asterisk
D:4:      layout_basic, worldfamousw_hep_ancestral_shrine,
          nicolae_ru_great_annihilating_truth, minmay_goblin_outpost

Skill      XL: |  1  2  3  4 |
---------------+-------------+-----
Long Blades    | 2 |  2.9
Armour         | 4 |  4.5
Shields        | 4 |  4.3
Dodging        | 1 |  1.1
Fighting       | |  3.7

Action                     |  1- 3 |  4- 6 || total
---------------------------+-------+-------++-------
  Melee: Long sword        |    86 |   150 ||   236
    Use: Scroll            |     3 |     3 ||     6
         Potion            |     1 |     2 ||     3
 Armour: Scale mail        |    77 |   105 ||   182
  Dodge: Dodged            |    73 |    65 ||   138
  Block: Buckler           |    28 |    31 ||    59

Table legend: (Time is in decaauts)
 A = Elapsed time spent in this place.
 B = Non-inter-level travel time spent in this place.
 C = Inter-level travel time spent in this place.
 D = Time resting spent in this place.
 E = Time spent auto-exploring this place.
 F = Levels seen in this place.
 G = Mean time per level.
                   A        B        C        D        E       F      G
               +--------+--------+--------+--------+--------+-----+--------+
         Total |   2275 |   2187 |     88 |      0 |   1633 |   4 |  568.8 |
       Dungeon |   2275 |   2187 |     88 |      0 |   1633 |   4 |  568.8 |
               +--------+--------+--------+--------+--------+-----+--------+

Top non-repeatable levels by time:
     D:3: 831 daAuts
     D:1: 735 daAuts
     D:2: 592 daAuts
     D:4: 114 daAuts
